 Dungeon Crawl Stone Soup version 0.23.2-40-g277498a001 (webtiles) character file.

Game seed: 3093093253155209040

93 Martska the Ducker (level 4, -2/33 HPs)
             Began as a Merfolk Ice Elementalist on Oct 3, 2019.
             Slain by a jackal (3 damage)
             ... on level 2 of the Dungeon.
             The game lasted 00:06:28 (1616 turns).

Martska the Ducker (Merfolk Ice Elementalist)       Turns: 1616, Time: 00:06:28

Health: -2/33      AC:  3    Str:  8    XL:     4   Next: 62%
Magic:  0/7        EV: 14    Int: 14    God:
Gold:   134        SH:  0    Dex: 15    Spells: 1/7 levels left

rFire    . . .     SeeInvis .   e - +0 short sword
rCold    . . .     Gourm    .   (no shield)
rNeg     . . .     Faith    .   a - +0 robe
rPois    .         Spirit   .   (no helmet)
rElec    .         Reflect  .   (no cloak)
rCorr    .         Harm     .   n - +0 pair of gloves
MR       .....                  (no boots)
Stlth    ++........             (no amulet)
HPRegen  0.11/turn              (no ring)
MPRegen  0.10/turn              (no ring)

@: no status effects
A: change form in water, swift swim, stealthy swim
a: no special abilities


You were on level 2 of the Dungeon.
You were hungry.

You visited 1 branch of the dungeon, and saw 2 of its levels.

You collected 134 gold pieces.

Inventory:

Hand Weapons
 d - a +0 dagger
 e - a +0 short sword (weapon)
Armour
 a - a +0 robe (worn)
 n - a +0 pair of gloves (worn)
Scrolls
 b - a scroll of magic mapping {unknown}
 h - 2 scrolls of identify {unknown}
 i - a scroll of immolation {unknown}
 k - a scroll of remove curse {unknown}
 l - 2 scrolls of teleportation {unknown}
 p - a scroll of enchant armour {unknown}
 q - a scroll of noise {unknown}
 s - a scroll of blinking {unknown}
Potions
 f - a potion of curing {unknown}
 g - 2 potions of flight {unknown}
 j - 3 potions of heal wounds {unknown}
 m - a potion of degeneration {unknown}
 o - a potion of brilliance {unknown}
 r - a potion of resistance {unknown}
Comestibles
 c - 2 rations


   Skills:
 * Level 2.1 Fighting
 * Level 3.8 Dodging
 + Level 3.0 Stealth
 + Level 2.4 Spellcasting
 - Level 0.7 Conjurations
 + Level 3.7 Ice Magic


You had one spell level left.
You knew the following spells:

 Your Spells              Type           Power        Failure   Level  Hunger
a - Freeze                Ice            ##..         4%          1    #......
b - Throw Frost           Conj/Ice       #.....       14%         2    ###....
c - Ozocubu's Armour      Chrm/Ice       #.......     32%         3    ###....

Your spell library contained the following spells:

 Spells                   Type           Power        Failure   Level  Hunger
 Throw Icicle             Conj/Ice       #.......     65%         4    #####..
 Summon Ice Beast         Ice/Summ       #.......     71%         4    #####..


Dungeon Overview and Level Annotations

Branches:
Dungeon (2/15)

Altars:


Message History

Press: ? - help, Shift-Dir - straight line, f - jackal
Aim: a jackal You freeze the jackal.
You kill the jackal!
The jackal barely misses you. x2
Casting: Freeze (safe; 4% risk of failure)
Confirm with . or Enter, or press ? or * to list all spells.
Aiming: Freeze (safe; 4% risk of failure)
Press: ? - help, Shift-Dir - straight line, f - jackal
Aim: a jackal You freeze the jackal.
The jackal is severely wounded.
The jackal completely misses you.
The jackal bites you but does no damage.
The jackal bites you.
* * * LOW HITPOINT WARNING * * *
You completely miss the jackal.
The jackal is severely wounded.
The jackal bites you.
You die...

#....#####.##.......###.
#....# #.########(....
#....# #.#....###..†..
##########.#....#.).####
##......#....(.###
##.............##
#.......##....## ####
#.......##....# #...
#....@..####### #.##
##)..h.## ##.# #.......#
#######..#
#.......####.......##
#.......##...#######
##.....###.### #
##...†)...# #.
###.###### ####.####
##.#


You could see a jackal.

Vanquished Creatures
  An iguana (D:2)
  An adder (D:2)
  An ooze (D:1)
  2 dart slugs (D:1)
  3 leopard geckos
  3 bats
  A giant cockroach (D:2)
  8 goblins
  2 hobgoblins
  5 jackals (D:2)
  A kobold (D:1)
  4 frilled lizards
  17 rats
49 creatures vanquished.

Notes
Turn   | Place    | Note
-------+----------+-------------------------------------------
     0 | D:1      | Martska the Merfolk Ice Elementalist began the quest for
                  | the Orb.
     0 | D:1      | Reached XP level 1. HP: 13/13 MP: 3/3
   383 | D:1      | Reached XP level 2. HP: 20/20 MP: 5/5
   614 | D:1      | Reached skill level 1 in Fighting
   698 | D:1      | Reached XP level 3. HP: 20/26 MP: 6/6
  1465 | D:2      | Reached XP level 4. HP: 30/33 MP: 3/7
  1477 | D:2      | Learned a level 2 spell: Throw Frost
  1481 | D:2      | Learned a level 3 spell: Ozocubu's Armour
  1615 | D:2      | HP: 1/33 [jackal (3)]
  1616 | D:2      | Slain by a jackal

Skill      XL: |  1  2  3  4 |
---------------+-------------+-----
Dodging        | 3 |  3.8
Fighting       | 1 2 |  2.1
Stealth        | 3 |  3.0
Spellcasting   | |  2.4
Conjurations   | |  0.7
Ice Magic      | |  3.7

Action                   |  1- 3 |  4- 6 || total
-------------------------+-------+-------++-------
Melee: Dagger            |     2 |       ||     2
       Unarmed           |     2 |       ||     2
       Short sword       |    72 |    17 ||    89
 Cast: Freeze            |    24 |    13 ||    37
 Stab: Sleeping          |     8 |       ||     8
  Eat: Chunk             |     2 |       ||     2
Armor: Robe              |    12 |    10 ||    22
Dodge: Dodged            |    60 |    43 ||   103
